 Dungeon Crawl Stone Soup version 0.31-a0-870-g10ed682358 (webtiles) character file.

Game seed: 10959414277273256398

316 IndexError the Digger (level 6, -5/32 HPs)
             Began as a Gargoyle Earth Elementalist on Oct 12, 2023.
             Slain by Edmund
             ... wielding a +4 dire flail of protection
              (13 damage)
             ... on level 4 of the Dungeon.
             The game lasted 00:03:47 (3477 turns).

IndexError the Digger (Gargoyle Earth Elementalist) Turns: 3477, Time: 00:03:48

Health: -5/32      AC:  6    Str: 11    XL:     6   Next: 44%
Magic:  15/21      EV: 11    Int: 18    God:
Gold:   301        SH:  0    Dex: 10    Spells: 12/13 levels left

rFire   . . .        f - staff of cold {rC+}
rCold   + . .        (no shield)
rNeg    + . .        a - +0 robe
rPois   ∞            (no helmet)
rElec   +            (no cloak)
rCorr   .            (no gloves)
SInv    .            (no boots)
Will    .....        (no amulet)
Stlth   ++           c - ring of flight {+Fly, !d}
HPRegen 0.25/turn    d - ring of magical power {MP+9}
MPRegen 0.17/turn

%: no passive effects
@: flying
A: sickness immunity, AC +4, negative energy resistance 1, electricity
resistance, torment resistance 1, petrification resistance
a: no special abilities


You were on level 4 of the Dungeon.
You visited 1 branch of the dungeon, and saw 4 of its levels.

You collected 301 gold pieces.

Inventory:

Hand Weapons
 t - a +4 dagger
   (You found it on level 3 of the Dungeon)
 A - a +0 lajatang
   (You found it on level 4 of the Dungeon)
Missiles
 p - 5 poisoned darts
Armour
 a - a +0 robe (worn)
 g - a +0 helmet
   (You found it on level 1 of the Dungeon)
 x - a +0 pair of gloves
   (You found it on level 3 of the Dungeon)
Magical Staves
 f - a staff of cold (weapon) {rC+}
   (You found it on level 1 of the Dungeon)
Jewellery
 c - a ring of flight (left hand) {+Fly, !d}
   (You found it on level 1 of the Dungeon)
 d - a ring of magical power (right hand) {MP+9}
   (You found it on level 1 of the Dungeon)
 h - an amulet of magic regeneration
   (You found it on level 1 of the Dungeon)
 z - an amulet of faith {Faith, !P}
   (You found it on level 4 of the Dungeon)
Scrolls
 e - 3 scrolls of teleportation {unknown}
 m - a scroll of identify {unknown}
 u - 4 scrolls of amnesia {unknown}
 y - a scroll of fog {unknown}
Potions
 b - a potion of magic
 i - 2 potions of degeneration {unknown}
 j - a potion of enlightenment {unknown}
 k - 3 potions of curing {unknown}
 l - 2 potions of cancellation {unknown}
 n - a potion of attraction {unknown}
 o - a potion of berserk rage {unknown}
 q - a potion of ambrosia {unknown}
 r - 4 potions of haste {unknown}
 s - a potion of brilliance {unknown}
 v - 2 potions of heal wounds {unknown}
 w - a potion of mutation {unknown}


   Skills:
 - Level 1.5 Dodging
 - Level 2.1 Stealth
 + Level 4.4 Spellcasting
 - Level 0.7 Transmutations
 + Level 6.5 Earth Magic


You had 12 spell levels left.
You knew the following spells:

 Your Spells              Type           Power      Damage    Failure   Level
a - Sandblast             Erth           54%        2d13      1%          1

Your spell library contained the following spells:

 Spells                   Type           Power      Damage    Failure   Level
 Passwall                 Tmut/Erth      14%        N/A       4%          2
 Stone Arrow              Conj/Erth      30%        3d8       11%         3
 Apportation              Tloc           8%         N/A       14%         1
 Ensorcelled Hibernation  Hex/Ice        12%        N/A       22%         2
 Jinxbite                 Hex            8%         N/A       22%         2
 Petrify                  Tmut/Erth      17%        N/A       32%         4
 Brom's Barrelling Bould  Conj/Erth      15%        2d4       36%         4
 Anguish                  Hex/Necr       2%         N/A       80%         4
 Alistair's Intoxication  Tmut/Pois      3%         N/A       98%         5


Dungeon Overview and Level Annotations

Branches:
Dungeon (4/15)             Temple (0/1) D:4

Altars:
Elyvilon
Fedhas

Shops:
D:2 =

Annotations:
D:4 Edmund


Innate Abilities, Weirdness & Mutations

You are immune to sickness and miasma.
Your stone body is resilient. (AC +4)
You are immune to poison.
You resist negative energy. (rN+)
You are resistant to electric shocks. (rElec)
You are resistant to unholy torment.
You are immune to petrification.


Message History

The blast of sand hits the jackal!
You can't see any susceptible monsters within range! (Use Z to cast anyway.)
You can't see any susceptible monsters within range! (Use Z to cast anyway.)
Found a stone staircase leading down.
You see here an adder corpse.
MP restored: 21 No target in view!
A phantom comes into view.
A phantom is nearby!
A phantom is nearby!
The blast of sand hits the phantom.
You now have 20/21 mp.
The blast of sand hits the phantom.
You now have 19/21 mp.
The blast of sand misses the phantom.
The phantom hits you but does no damage. x2
You now have 18/21 mp.
The blast of sand hits the phantom!
The phantom hits you.
The phantom blinks!
You blink.
You take 1 damage, and have 31/32 hp.
The blast of sand misses the phantom.
The phantom barely misses you. The phantom hits you.
The phantom blinks!
You blink.
You take 3 damage, and have 28/32 hp.
You now have 17/21 mp.
The blast of sand hits the phantom.
The phantom hits you but does no damage.
You now have 16/21 mp.
The blast of sand hits the phantom!
You now have 15/21 mp.
You can't see any susceptible monsters within range! (Use Z to cast anyway.)
z - an amulet of faith {Faith, !P} Health restored: 32; MP restored: 21 You see here a +0 lajatang.
A - a +0 lajatang A giant cockroach comes into view.
A giant cockroach is nearby!
A giant cockroach is nearby!
You see here a +0 leather armour.
The blast of sand misses the giant cockroach.
The giant cockroach bites you but does no damage. x2
You now have 20/21 mp.
The blast of sand misses the giant cockroach.
The giant cockroach bites you.
You take 1 damage, and have 31/32 hp.
You now have 19/21 mp.
The blast of sand hits the giant cockroach!
Health restored: 32 You now have 18/21 mp.
You can't see any susceptible monsters within range! (Use Z to cast anyway.)
You can't see any susceptible monsters within range! (Use Z to cast anyway.)
You now have 301 gold pieces (gained 12).
u - 4 scrolls labelled DIFOCU AN RAU (gained 1) Edmund the Younger comes into view.
He is wielding a +4 dire flail of protection.
MP restored: 21 Edmund is nearby!
Edmund is nearby!
The blast of sand hits Edmund.
Edmund shouts!
You now have 20/21 mp.
The blast of sand hits Edmund.
You now have 19/21 mp.
The blast of sand hits Edmund but does no damage.
Edmund closely misses you.
Edmund hits you with a +4 dire flail of protection!
You take 13 damage, and have 19/32 hp.
MASSIVE DAMAGE!!
You now have 18/21 mp.
You are too injured to fight recklessly!
You are too injured to fight recklessly!
You are too injured to fight recklessly!
Casting: Sandblast (safe; 1% risk of failure)
Confirm with . or Enter, or press ? or * to list all spells.
Aiming: Sandblast (safe; 1% risk of failure)
Press: ? - help, Shift-Dir - straight line, f/p - Edmund
Aim: Edmund, wielding a +4 dire flail of protection and wearing a +0 chain mail (lightly wounded, 87% to hit)
The blast of sand hits Edmund.
Edmund hits you with a +4 dire flail of protection.
Casting: Sandblast (safe; 1% risk of failure)
Confirm with . or Enter, or press ? or * to list all spells.
Aiming: Sandblast (safe; 1% risk of failure)
Press: ? - help, Shift-Dir - straight line, f/p - Edmund
Aim: Edmund, wielding a +4 dire flail of protection and wearing a +0 chain mail (moderately wounded, 87% to hit)
The blast of sand hits Edmund but does no damage.
Edmund completely misses you. Edmund closely misses you.
You now have 17/21 mp.
Casting: Sandblast (safe; 1% risk of failure)
Confirm with . or Enter, or press ? or * to list all spells.
Aiming: Sandblast (safe; 1% risk of failure)
Press: ? - help, Shift-Dir - straight line, f/p - Edmund
Aim: Edmund, wielding a +4 dire flail of protection and wearing a +0 chain mail (moderately wounded, 87% to hit)
The blast of sand misses Edmund.
Edmund hits you with a +4 dire flail of protection!
* * * LOW HITPOINT WARNING * * *
You take 12 damage, and have 7/32 hp.
MASSIVE DAMAGE!!
You now have 16/21 mp.
Casting: Sandblast (safe; 1% risk of failure)
Confirm with . or Enter, or press ? or * to list all spells.
Aiming: Sandblast (safe; 1% risk of failure)
Press: ? - help, Shift-Dir - straight line, f/p - Edmund
Aim: Edmund, wielding a +4 dire flail of protection and wearing a +0 chain mail (moderately wounded, 87% to hit)
The blast of sand hits Edmund but does no damage.
Edmund hits you but does no damage.
Edmund hits you with a +4 dire flail of protection!
You die...
Edmund says, "I'd like to see a scythe do that!"

#.#..........#
##+##########.####
........# #....#
...)....# #.####
....)...# #.####
....)...# #....#
######.#########.#
#.##... #.#
######.##.# #@#
#.........# #.@.#
#.8####...########....
. >. ##......# ....#
8. ####.###.## ...#
.##.##.###..## .#.#..
..#.##.......###
###....
#.#.##..##.#....
......
#.#.....#.....####.
...


You could see Edmund.

Vanquished Creatures
  A phantom (D:4)
  2 orc priests
  3 orc wizards
  A gnoll (D:1)
  An adder (D:4)
  2 worms
  3 dart slugs
  12 orcs
  3 endoplasms
  5 giant cockroaches
  6 goblins
  9 hobgoblins
  3 jackals (D:4)
  6 quokkas
  5 ball pythons
  5 bats
  2 frilled lizards
  5 kobolds
  3 rats
77 creatures vanquished.

Notes
Turn   | Place    | Note
-------+----------+-------------------------------------------
     0 | D:1      | IndexError the Gargoyle Earth Elementalist began the quest
                  | for the Orb.
     0 | D:1      | Reached XP level 1. HP: 10/10 MP: 3/3
   296 | D:1      | Reached skill level 4 in Earth Magic
   296 | D:1      | Reached XP level 2. HP: 15/15 MP: 5/5
   411 | D:1      | Reached XP level 3. HP: 19/19 MP: 6/6
  1510 | D:2      | Reached skill level 3 in Spellcasting
  1567 | D:2      | Found Xoucrain's Jewellery Shop.
  1874 | D:3      | Reached XP level 4. HP: 24/24 MP: 8/8
  2017 | D:3      | Reached skill level 5 in Earth Magic
  2268 | D:3      | Found a white marble altar of Elyvilon.
  2328 | D:3      | Identified the +3 long sword "Wuxouky" {flame, Fly rPois
                  | Str+2}
  2349 | D:3      | HP: 6/24 [something (2)]
  2354 | D:3      | Reached XP level 5. HP: 5/28 MP: 8/10
  2355 | D:3      | HP: 4/28 [something (2)]
  2355 | D:3      | HP: 1/28 [something (3)]
  2788 | D:3      | Found a blossoming altar of Fedhas.
  3208 | D:4      | Found a staircase to the Ecumenical Temple.
  3232 | D:4      | Reached skill level 4 in Spellcasting
  3234 | D:4      | Reached skill level 6 in Earth Magic
  3234 | D:4      | Reached XP level 6. HP: 25/32 MP: 12/12
  3470 | D:4      | Noticed Edmund
  3476 | D:4      | HP: 7/32 [Edmund/+4 dire flail of protection (12)]
  3477 | D:4      | Slain by Edmund

Illustrated notes

Levels and vault maps discovered:
D:1:      ldierk_walled_garden, layout_basic
D:2:      layout_rooms, serial_shops, nicolae_shop_gaudy_bauble,
          dk_noncrumbling_2
D:3:      layout_loops_ring, elyvilon_altar_4, fedhas_altar_4,
          minmay_fractal_squares_diagonal_5
D:4:      layout_basic, temple_statues, uniq_edmund

Skill      XL: |  1  2  3  4  5 |
---------------+----------------+-----
Earth Magic    | 4 5 6 |  6.5
Spellcasting   | 3 4 |  4.4
Dodging        | |  1.5
Stealth        | |  2.1
Transmutations | |  0.7

Action                     |  1- 3 |  4- 6 || total
---------------------------+-------+-------++-------
  Melee: Staff             |     1 |     3 ||     4
   Cast: Sandblast         |    59 |    84 ||   143
 Armour: Robe              |    11 |    49 ||    60
  Dodge: Dodged            |    13 |    40 ||    53

Table legend: (Time is in decaauts)
 A = Elapsed time spent in this place.
 B = Non-inter-level travel time spent in this place.
 C = Inter-level travel time spent in this place.
 D = Time resting spent in this place.
 E = Time spent auto-exploring this place.
 F = Levels seen in this place.
 G = Mean time per level.
                   A        B        C        D        E       F      G
               +--------+--------+--------+--------+--------+-----+--------+
         Total |   3550 |   3274 |    276 |      0 |   2832 |   4 |  887.5 |
       Dungeon |   3550 |   3274 |    276 |      0 |   2832 |   4 |  887.5 |
               +--------+--------+--------+--------+--------+-----+--------+

Top non-repeatable levels by time:
     D:1: 1248 daAuts
     D:3: 1178 daAuts
     D:2: 646 daAuts
     D:4: 476 daAuts

Levels and vault maps discovered:
D:1:      ldierk_walled_garden, layout_basic
D:2:      layout_rooms, serial_shops, nicolae_shop_gaudy_bauble,
          dk_noncrumbling_2
D:3:      layout_loops_ring, elyvilon_altar_4, fedhas_altar_4,
          minmay_fractal_squares_diagonal_5
D:4:      layout_basic, temple_statues, uniq_edmund

Table legend: (Time is in decaauts)
 A = Elapsed time spent in this place.
 B = Non-inter-level travel time spent in this place.
 C = Inter-level travel time spent in this place.
 D = Time resting spent in this place.
 E = Time spent auto-exploring this place.
 F = Levels seen in this place.
 G = Mean time per level.
                   A        B        C        D        E       F      G
               +--------+--------+--------+--------+--------+-----+--------+
         Total |   3550 |   3274 |    276 |      0 |   2832 |   4 |  887.5 |
       Dungeon |   3550 |   3274 |    276 |      0 |   2832 |   4 |  887.5 |
               +--------+--------+--------+--------+--------+-----+--------+

Top non-repeatable levels by time:
     D:1: 1248 daAuts
     D:3: 1178 daAuts
     D:2: 646 daAuts
     D:4: 476 daAuts

Table legend:
 A = Kills in this place as a percentage of kills in the entire game.
 B = Kills by you in this place as a percentage of kills by you in the entire game.
 C = Kills by friends in this place as a percentage of kills by friends in the entire game.
 D = Other kills in this place as a percentage of other kills in the entire game.
 E = Experience gained in this place as a percentage of experience gained in the entire game.
 F = Experience gained in this place divided by the number of levels of this place that you have seen.
                   A       B       C       D       E      F
               +-------+-------+-------+-------+-------+----------------------
         Total | 100.0 | 100.0 |   N/A |   N/A | 100.0 | 113.0
       Dungeon | 100.0 | 100.0 |   N/A |   N/A | 100.0 | 113.0
               +-------+-------+-------+-------+-------+----------------------
